 Dungeon Crawl Stone Soup version 0.30-a0-715-gdb4ae3ece1 (webtiles) character file.

Game seed: 2879486053527262545

2279 Darius099 the Shield-Bearer (level 9, -5/56 HPs)
             Began as a Gargoyle Fighter on Jan 23, 2023.
             Was an Initiate of Okawaru.
             Killed from afar by a gargoyle (13 damage)
             ... with a stone arrow
             ... on level 6 of the Dungeon.
             The game lasted 00:16:39 (4631 turns).

Darius099 the Shield-Bearer (Gargoyle Fighter)      Turns: 4631, Time: 00:16:40

Health: -5/56      AC: 19    Str: 27    XL:     9   Next: 39%
Magic:  9/9        EV: 14    Int: 10    God:    Okawaru [......]
Gold:   287        SH:  5    Dex: 11    Spells: 8/8 levels left

rFire   . . .      SeeInvis .    w - +1 flail (heavy)
rCold   . . .      Faith    +    c - +0 buckler
rNeg    + . .      Spirit   .    v - +0 chain mail
rPois   ∞          Reflect  .    (no helmet)
rElec   +          Harm     .    (no cloak)
rCorr   .          Rampage  .    k - +0 pair of gloves
Will    .....                    B - +0 pair of boots Stlth
                                 m - amulet of faith
HPRegen 0.29/turn                i - +5 ring of evasion
MPRegen 0.11/turn                p - +6 ring of strength

@: no status effects
A: sickness immunity, AC +6, negative energy resistance 1, electricity
resistance, torment resistance 1, petrification resistance
a: Renounce Religion


You were on level 6 of the Dungeon.
You worshipped Okawaru.
Okawaru was noncommittal.
You visited 2 branches of the dungeon, and saw 8 of its levels.

You collected 287 gold pieces.

Inventory:

Hand Weapons
 w - a +1 heavy flail (weapon)
Armour
 c - a +0 buckler (worn)
 k - a +0 pair of gloves (worn)
 q - a +0 tower shield
 v - a +0 chain mail (worn)
 B - a +0 pair of boots (worn)
Jewellery
 i - a +5 ring of evasion (left hand)
 m - an amulet of faith (around neck)
 p - a +6 ring of strength (right hand)
Scrolls
 a - 4 scrolls of poison {unknown}
 b - a scroll of vulnerability {unknown}
 j - 3 scrolls of teleportation {unknown}
 n - 2 scrolls of noise {unknown}
 r - 3 scrolls of torment {unknown}
 t - a scroll of blinking {unknown}
 u - a scroll of enchant armour {unknown}
 y - a scroll of fear {unknown}
 A - a scroll of fog {unknown}
Potions
 d - 3 potions of might
 e - 2 potions of cancellation
 f - a potion of berserk rage {unknown}
 g - 2 potions of heal wounds
 h - 3 potions of curing
 l - 3 potions of brilliance
 o - a potion of flight
 s - 2 potions of lignification
 x - 3 potions of mutation {unknown}
 z - a potion of attraction


   Skills:
 + Level 6.8 Fighting
 + Level 5.8 Maces & Flails
 + Level 6.9 Armour
 + Level 4.1 Dodging
 + Level 6.9 Shields


You had 8 spell levels left.
You didn't know any spells.
Your spell library contained the following spells:

 Spells                   Type           Power      Damage    Failure   Level
 Apportation              Tloc           0%         N/A       94%         1
 Blink                    Tloc           0%         N/A       98%         2
 Lesser Beckoning         Tloc           0%         N/A       98%         2
 Momentum Strike          Conj/Tloc      0%         3d8       98%         2
 Alistair's Intoxication  Tmut/Pois      0%         N/A       100%        5


Dungeon Overview and Level Annotations

Branches:
Dungeon (7/15)             Temple (1/1) D:6

Altars:
Ashenzari
Cheibriados
Dithmenos
Elyvilon
Fedhas
Hepliaklqana
Kikubaaqudgha
Nemelex Xobeh
Okawaru
Qazlal
Sif Muna
Trog
Uskayaw
Wu Jian
Xom
Yredelemnul
The Shining One

Shops:
D:1 *


Innate Abilities, Weirdness & Mutations

You are immune to sickness and miasma.
Your stone body is resilient. (AC +6)
You are immune to poison.
You resist negative energy. (rN+)
You are resistant to electric shocks. (rElec)
You are resistant to unholy torment.
You are immune to petrification.


Message History

There is a stone staircase leading up here.
Done exploring.
Done exploring.
There is a stone staircase leading down here.
You climb downwards.
There is a stone staircase leading up here.
The gargoyle hurls a stone arrow at you.
You block the stone arrow.
You climb upwards.
There is a stone staircase leading down here.
You completely miss the gargoyle. The gargoyle misses you.
You barely miss the gargoyle.
The gargoyle hurls a stone arrow at you.
The stone arrow misses you.
The gargoyle hits you with a +0 morningstar.
You barely miss the gargoyle. The gargoyle misses you.
You barely miss the gargoyle. The gargoyle barely misses you.
The gargoyle hurls a stone arrow at you.
You block the stone arrow.
You hit the gargoyle but do no damage.
The gargoyle hurls a stone arrow at you.
The stone arrow hits you!
The gargoyle hits you with a +0 morningstar!
You barely miss the gargoyle.
The gargoyle hurls a stone arrow at you.
The stone arrow hits you!!
You hit the gargoyle.
The gargoyle is lightly damaged.
You block the gargoyle's attack.
The gargoyle hits you with a +0 morningstar!
* * * LOW HITPOINT WARNING * * *
The gargoyle hurls a stone arrow at you.
The stone arrow misses you.
The gargoyle hurls a stone arrow at you.
The stone arrow hits you!
* * * LOW HITPOINT WARNING * * *
There is a stone staircase leading down here.
The gargoyle hurls a stone arrow at you.
The stone arrow hits you!
You die...

##.#.##..............#
........##.#9......### ###
##.#.##.##.#####...# ##.###
##.#.##.##.# #...# #.....
...#......9# #9..# ##.###
####.......# #...# #.###
###.##.##.# #...##########....
##.......#.# #.........##..>...
##.#.#...#.#####@..#####.##.####.
##.....#..................#.###..
....#.....................#.##...
##........................#.##...
##.......#####...........##.##...
####...#.# #.#...#..##.##......
##..#..# #.#...#...#.#####..#
#..###.# #.#.....#...#####..#
#...#..# #.......#...........


You could see a gargoyle.

Vanquished Creatures
  The ghost of OTABOTABOTAB the Cutter, a novice VSFi (D:5)
  Prince Ribbit (D:5)
  Sigmund (D:2)
  A steam dragon (D:6)
  Edmund (D:5)
  2 ice beasts
  2 black bears
  An ogre (D:6)
  A centaur (D:6)
  2 phantoms
  2 bullfrogs (D:6)
  A scorpion (D:5)
  A bullfrog zombie (D:5)
  4 jellies
  A hound (D:4)
  Natasha (thrice) (D:3)
  3 iguanas
  2 orc wizards
  A killer bee zombie (D:5)
  3 adders
  4 gnolls (D:4)
  An ufetubus (D:5)
  A worm (D:5)
  3 dart slugs
  16 orcs
  6 endoplasms
  4 giant cockroaches
  7 goblins
  6 hobgoblins
  3 jackals (D:3)
  4 quokkas
  8 ball pythons
  4 bats
  3 frilled lizards
  5 kobolds
  8 rats
  A spectral goblin (D:5)
118 creatures vanquished.

Vanquished Creatures (others)
  An orc wizard (D:3)
1 creature vanquished.

Grand Total: 119 creatures vanquished

Notes
Turn   | Place    | Note
-------+----------+-------------------------------------------
     0 | D:1      | Darius099 the Gargoyle Fighter began the quest for the Orb.
     0 | D:1      | Reached XP level 1. HP: 14/14 MP: 1/1
   224 | D:1      | Reached XP level 2. HP: 12/19 MP: 2/2
   347 | D:1      | Found Peorak's Assorted Antiques.
   557 | D:1      | Reached XP level 3. HP: 23/23 MP: 3/3
  1380 | D:2      | Reached XP level 4. HP: 11/29 MP: 4/4
  1423 | D:2      | Noticed Sigmund
  1450 | D:2      | Killed Sigmund
  1451 | D:2      | Reached skill level 1 in Dodging
  1451 | D:2      | Reached XP level 5. HP: 21/34 MP: 5/5
  1451 | D:2      | Reached XP level 6. HP: 24/39 MP: 6/6
  2198 | D:3      | Found a basalt altar of Yredelemnul.
  2198 | D:3      | Found a faded altar of an unknown god.
  2206 | D:3      | Found a hide-covered altar of Uskayaw.
  2208 | D:3      | Found a bloodstained altar of Trog.
  2211 | D:3      | Found a shadowy altar of Dithmenos.
  2213 | D:3      | Noticed Natasha
  2221 | D:3      | Killed Natasha
  2349 | D:3      | Noticed Natasha
  2352 | D:3      | Killed Natasha
  2534 | D:3      | Noticed Natasha
  2539 | D:3      | Killed Natasha
  2697 | D:4      | Reached XP level 7. HP: 36/44 MP: 7/7
  2759 | D:4      | You fall into a shaft and drop 1 floor!
  2759 | D:5      | Entered Level 5 of the Dungeon
  2772 | D:5      | Noticed Edmund
  2784 | D:5      | Killed Edmund
  2785 | D:5      | Reached skill level 5 in Fighting
  2785 | D:5      | Reached skill level 5 in Armour
  2785 | D:5      | Reached skill level 5 in Shields
  2908 | D:5      | Found a runed translucent gate.
  2952 | D:5      | Found a runed translucent gate.
  2953 | D:5      | Found a runed translucent gate.
  2954 | D:5      | Noticed OTABOTABOTAB's ghost (novice VSFi)
  2976 | D:5      | Killed OTABOTABOTAB's ghost
  2977 | D:5      | Reached XP level 8. HP: 47/50 MP: 8/8
  3054 | D:5      | Noticed Prince Ribbit
  3078 | D:5      | Killed Prince Ribbit
  3116 | D:5      | Reached skill level 5 in Maces & Flails
  3251 | D:5      | Found a broken altar of Ashenzari.
  3538 | D:5      | Found a hazy altar of Hepliaklqana.
  3628 | D:6      | Reached XP level 9. HP: 50/56 MP: 9/9
  3716 | D:6      | Found a staircase to the Ecumenical Temple.
  3723 | Temple   | Entered the Ecumenical Temple
  3934 | Temple   | Became a worshipper of Warmaster Okawaru
  4596 | D:7      | Noticed a gargoyle
  4631 | D:6      | Killed from afar by a gargoyle

Illustrated notes

Levels and vault maps discovered:
D:1:      lemuel_arrival_river_ford, layout_basic, serial_shops,
          nicolae_shop_stone
D:2:      kennysheep_big_flooded_room, layout_basic, hex_tiny,
          minmay_goblin_kobold_house, uniq_sigmund
D:3:      layout_basic, chequers_temple_overflow_minitemple, uniq_natasha
D:4:      layout_basic, kennysheep_mini, minmay_increasing_density
D:5:      layout_basic, nicolae_hepliaklqana_monster_ancestors,
          cheibrodos_ashenzari_chains, gammafunk_ghost_necromancy,
          uniq_prince_ribbit1, uniq_edmund
D:6:      layout_loops_cross, minmay_temple_entry_arrows, grunt_decor_one_mirror
D:7:      layout_basic, uniq_duvessa
Temple:   minmay_temple_curvy_loop

Skill      XL: |  1  2  3  4  5  6  7  8  9 |
---------------+----------------------------+-----
Fighting       | 4 5 6 |  6.8
Maces & Flails | 3 4 5 |  5.8
Armour         | 4 5 6 |  6.9
Dodging        | 1 2 3 4 |  4.1
Shields        | 4 5 6 |  6.9

Action                     |  1- 3 |  4- 6 |  7- 9 || total
---------------------------+-------+-------+-------++-------
  Melee: Flail             |   140 |    52 |   124 ||   316
         Mace              |       |    68 |    10 ||    78
    Use: Scroll            |       |     7 |     1 ||     8
 Armour: Scale mail        |    70 |    54 |     1 ||   125
         Chain mail        |       |       |    84 ||    84
  Dodge: Dodged            |   121 |   101 |   114 ||   336
  Block: Buckler           |    41 |    34 |    34 ||   109

Table legend: (Time is in decaauts)
 A = Elapsed time spent in this place.
 B = Non-inter-level travel time spent in this place.
 C = Inter-level travel time spent in this place.
 D = Time resting spent in this place.
 E = Time spent auto-exploring this place.
 F = Levels seen in this place.
 G = Mean time per level.
                   A        B        C        D        E       F      G
               +--------+--------+--------+--------+--------+-----+--------+
         Total |   4856 |   4755 |    101 |    321 |   2589 |   8 |  607.0 |
       Dungeon |   4612 |   4521 |     91 |    321 |   2393 |   7 |  658.9 |
        Temple |    243 |    233 |     10 |      0 |    196 |   1 |  243.0 |
               +--------+--------+--------+--------+--------+-----+--------+

Top non-repeatable levels by time:
     D:3: 966 daAuts
     D:1: 881 daAuts
     D:5: 877 daAuts
     D:6: 845 daAuts
     D:2: 820 daAuts
  Temple: 243 daAuts
     D:4: 220 daAuts
     D:7: 1 daAuts
